 Dungeon Crawl Stone Soup version 0.30-a0-802-gb92711bcdf (webtiles) character file.

Game seed: 16991116079592900775

32 Newt the Shooter (level 3, -2/24 HPs)
             Began as a Kobold Hunter on Feb 23, 2023.
             Slain by an adder (3 damage)
             ... on level 2 of the Dungeon.
             The game lasted 00:00:54 (576 turns).

Newt the Shooter (Kobold Hunter)                     Turns: 576, Time: 00:00:54

Health: -2/24      AC:  3    Str:  8    XL:     3   Next: 45%
Magic:  3/3        EV: 14    Int: 10    God:
Gold:   58         SH:  0    Dex: 20    Spells: 2/2 levels left

rFire   . . .      SeeInvis .    a - +0 shortbow
rCold   . . .      Faith    .    (shield currently unavailable)
rNeg    . . .      Spirit   .    c - +0 leather armour
rPois   .          Reflect  .    (no helmet)
rElec   .          Harm     .    (no cloak)
rCorr   .          Rampage  .    (no gloves)
Will    .....                    (no boots)
Stlth   +++                      (no amulet)
HPRegen 0.24/turn                (no ring)
MPRegen 0.08/turn                (no ring)

@: no status effects
A: small, no large weapons, nightstalker 3
a: no special abilities


You were on level 2 of the Dungeon.
You visited 1 branch of the dungeon, and saw 2 of its levels.

You collected 58 gold pieces.

Inventory:

Hand Weapons
 a - a +0 shortbow (weapon)
Armour
 c - a +0 leather armour (worn)
Scrolls
 b - a scroll of immolation


   Skills:
 + Level 4.0 Fighting
 - Level 5.3 Ranged Weapons
 - Level 2.4 Dodging
 - Level 1.3 Stealth


You had 2 spell levels left.
You didn't know any spells.
Your spell library was empty.

Dungeon Overview and Level Annotations

Branches:
Dungeon (2/15)

Altars:

Annotations:
D:2 Sigmund


Innate Abilities, Weirdness & Mutations

You are small and have problems with some larger weapons.
You are completely attuned to the shadows.


Message History

* * * LOW HITPOINT WARNING * * *
You feel sick. The adder barely misses you.
You feel much better.
You feel sick. The adder completely misses you.
You feel sick.
You are no longer poisoned.
The ball python attacks as you move away!
The ball python barely misses you. The adder attacks as you move away!
The adder barely misses you. The adder closely misses you.
The adder attacks as you move away! The adder barely misses you.
The adder misses you. The adder attacks as you move away!
The adder barely misses you.
Found a scroll of identify.
There is a stone staircase leading up here.
The adder misses you. The ball python bites you. The ball python grabs you.
You stop ascending the stairs.
The ball python constricts you.
Unknown command.
You shoot an arrow. The arrow hits the adder.
The adder is severely wounded.
The adder closely misses you.
The ball python bites you but does no damage.
The ball python constricts you. The adder barely misses you.
You shoot an arrow.
The arrow hits the adder but does no damage.
The adder is severely wounded.
Something hits you! The ball python barely misses you.
The ball python constricts you. The adder bites you.
The ball python bites you but does no damage.
The ball python constricts you.
You shoot an arrow. The arrow barely misses the adder.
The adder barely misses you. Something hits you but does no damage.
The ball python bites you but does no damage.
The ball python constricts you. The adder barely misses you.
Unknown command.
You shoot an arrow. The arrow hits the ball python!
You kill the ball python!
The adder misses you. Something hits you!
* * * LOW HITPOINT WARNING * * *
The adder bites you.
You die...

## ..?###############
#..@S†......<....
####......#######
#.{....# #......# #.
####.###. #.## #.#...
#. #..# ##.....
#.######..# ##..#...
......##..####..##...


You could see an adder.

Vanquished Creatures
  A goblin (D:1)
  2 hobgoblins (D:1)
  4 jackals (D:1)
  5 kobolds
  2 quokkas (D:1)
  6 ball pythons
  5 bats (D:1)
  3 frilled lizards (D:1)
  4 rats (D:1)
32 creatures vanquished.

Notes
Turn   | Place    | Note
-------+----------+-------------------------------------------
     0 | D:1      | Newt the Kobold Hunter began the quest for the Orb.
     0 | D:1      | Reached XP level 1. HP: 12/12 MP: 1/1
    96 | D:1      | Reached XP level 2. HP: 11/18 MP: 2/2
   321 | D:1      | Reached XP level 3. HP: 23/23 MP: 3/3
   546 | D:2      | Noticed Sigmund
   576 | D:2      | HP: 1/24 [something (9)]
   576 | D:2      | Slain by an adder

Illustrated notes

Levels and vault maps discovered:
D:1:      lightli_arrival_maybe_door_vault, layout_rooms, due_unseen_surprise
D:2:      layout_rooms, uniq_sigmund

Skill      XL: |  1  2  3 |
---------------+----------+-----
Fighting       | 3 4 |  4.0
Ranged Weapons | |  5.3
Dodging        | |  2.4
Stealth        | |  1.3

Action                     || total
---------------------------++-------
   Fire: Shortbow          ||    74
    Use: Scroll            ||     2
         Potion            ||     1
 Armour: Leather armour    ||    13
  Dodge: Dodged            ||    65

Table legend: (Time is in decaauts)
 A = Elapsed time spent in this place.
 B = Non-inter-level travel time spent in this place.
 C = Inter-level travel time spent in this place.
 D = Time resting spent in this place.
 E = Time spent auto-exploring this place.
 F = Levels seen in this place.
 G = Mean time per level.
                   A        B        C        D        E       F      G
               +--------+--------+--------+--------+--------+-----+--------+
         Total |    597 |    574 |     23 |      0 |    410 |   2 |  298.5 |
       Dungeon |    597 |    574 |     23 |      0 |    410 |   2 |  298.5 |
               +--------+--------+--------+--------+--------+-----+--------+

Top non-repeatable levels by time:
     D:1: 532 daAuts
     D:2: 64 daAuts
